 Dungeon Crawl Stone Soup version 0.27-a0-1119-gbf574a6a6b (webtiles) character file.

Game seed: 17075912492362660202

5478 Zeld the Transmogrifier (level 10, -4/72 HPs)
             Began as an Octopode Transmuter on May 2, 2021.
             Was an Initiate of Gozag.
             Slain by a death yak (25 damage)
             ... on level 8 of the Dungeon.
             The game lasted 00:17:33 (19196 turns).

Zeld the Transmogrifier (Octopode Transmuter)      Turns: 19196, Time: 00:17:34

Health: -4/72      AC:  2    Str: 12    XL:     10   Next: 69%
Magic:  18/18      EV: 31    Int: 16    God:    Gozag
Gold:   190        SH:  0    Dex: 18    Spells: 4/19 levels left

rFire    . . .     SeeInvis .     - Unarmed
rCold    . . .     Faith    .   (shield currently unavailable)
rNeg     + . .     Spirit   .   (helmet currently unavailable)
rPois    x         Reflect  .   v - amulet of magic regeneration
rElec    .         Harm     .   f - ring of positive energy
rCorr    .         Rampage  .   l - +4 ring of evasion
Will     .....                  r - +4 ring of evasion
Stlth    ++........             A - ring of flight
HPRegen  0.22/turn              (no ring)
MPRegen  0.41/turn              (no ring)
                                (no ring)
                                (no ring)

@: spider-form (expiring), flying
A: venomous fangs, almost no armour, (amphibious), 8 rings, tiny, (camouflage
1), (gelatinous body 1), (nimble swimmer 1), (tentacles)
a: End Transformation, Renounce Religion, Potion Petition, Call Merchant, Bribe
Branch


You were on level 8 of the Dungeon.
You worshipped Gozag.
Gozag was aware of your devotion.
You were a venomous arachnid creature.
You visited 2 branches of the dungeon, and saw 9 of its levels.
You also visited: Sewer and Ossuary.

You collected 1071 gold pieces.
You spent 234 gold pieces at shops.
You paid 647 gold pieces to Gozag.

Inventory:

Jewellery
 f - a ring of positive energy (left front leg)
 l - a +4 ring of evasion (right front leg)
 r - a +4 ring of evasion (on tentacle)
 v - an amulet of magic regeneration (around neck)
 A - a ring of flight (on tentacle)
Wands
 h - a wand of iceblast (11)
 u - a wand of charming (2)
Scrolls
 d - 2 scrolls of holy word
 e - 2 scrolls of amnesia
 j - 5 scrolls of teleportation
 k - 3 scrolls of magic mapping
 p - a scroll of enchant armour {unknown}
 q - 2 scrolls of enchant weapon
 w - a scroll of blinking
 x - 2 scrolls of identify
 y - a scroll of fear
Potions
 a - 2 potions of curing
 b - 5 potions of might
 c - a potion of cancellation
 g - 3 potions of flight {unknown}
 i - a potion of ambrosia {unknown}
 m - 2 potions of heal wounds {unknown}
 n - a potion of mutation {unknown}
 o - a potion of experience {unknown}
 s - a potion of haste {unknown}
 t - a potion of lignification {unknown}
Miscellaneous
 z - a piece from Xom's chessboard (15/15)


   Skills:
 * Level 7.8 Fighting
 + Level 5.7 Dodging
 - Level 3.0 Unarmed Combat
 + Level 5.3 Spellcasting
 * Level 8.0 Transmutations
 - Level 6.0 Ice Magic
 - Level 6.0 Poison Magic


You had 4 spell levels left.
You knew the following spells:

 Your Spells              Type           Power      Damage    Failure   Level
a - Beastly Appendage     Tmut           60%        N/A       3%          1
b - Wereblood             Tmut           30%        N/A       4%          2
c - Spider Form           Tmut/Pois      13%        N/A       10%         3
d - Ice Form              Ice/Tmut       26%        N/A       22%         4
e - Hydra Form            Tmut           15%        N/A       34%         5

Your spell library contained the following spells:

 Spells                   Type           Power      Damage    Failure   Level
 Freeze                   Ice            92%        1d10      6%          1
 Frozen Ramparts          Ice            46%        1d6       12%         3
 Ozocubu's Armour         Ice            23%        N/A       12%         3
 Passwall                 Tmut/Erth      14%        N/A       13%         2
 Ensorcelled Hibernation  Hex/Ice        26%        N/A       17%         2
 Animate Skeleton         Necr           8%         N/A       32%         1
 Apportation              Tloc           8%         N/A       32%         1
 Corona                   Hex            4%         N/A       32%         1
 Magic Dart               Conj           16%        1d3       32%         1
 Sandblast                Erth           8%         2d5       32%         1
 Summon Small Mammal      Summ           16%        N/A       32%         1
 Searing Ray              Conj           8%         3d3       43%         2
 Petrify                  Tmut/Erth      17%        N/A       50%         4
 Hailstorm                Conj/Ice       13%        3d5       61%         4
 Confusing Touch          Hex            4%         N/A       63%         3
 Dazzling Flash           Conj/Hex       8%         N/A       63%         3
 Stone Arrow              Conj/Erth      8%         3d7       63%         3
 Tukima's Dance           Hex            4%         N/A       63%         3
 Fulminant Prism          Conj/Hex       2%         3d6       93%         4
 Iskenderun's Mystic Bla  Conj/Tloc      4%         2d3       93%         4
 Metabolic Englaciation   Hex/Ice        6%         N/A       89%         5
 Lee's Rapid Deconstruct  Erth           2%         3d5*      99%         5


Dungeon Overview and Level Annotations

Branches:
Dungeon (8/15)             Temple (1/1) D:5            Lair (0/6) D:8
  Sewer (visited)         Ossuary (visited)

Altars:
Ashenzari
Cheibriados
Dithmenos
Elyvilon
Fedhas
Gozag
Hepliaklqana
Kikubaaqudgha
Makhleb
Nemelex Xobeh
Ru
Sif Muna
Trog
Uskayaw
Vehumet
Wu Jian
Xom
Yredelemnul
Zin
The Shining One

Shops:
D:6 (   D:7 =   D:8 (*


Innate Abilities, Weirdness & Mutations

You are a venomous arachnid creature.
You have poisonous fangs.
You are tiny and dextrous.
Your spellcasting is less reliable in this form.
Your armour is entirely melded.
You are incapable of wielding weapons or throwing items.
You cannot wear most types of armour.
((You are amphibious.))
You can wear up to eight rings at the same time.
((Your skin changes colour to match your surroundings (Stealth+).))
((Your rubbery body absorbs attacks. (AC +1, EV +1)))
((You are camouflaged near water. (Stealth+)))
((You have tentacles for arms and can constrict up to eight enemies at once.))


Message History

You hit the death yak but do no damage.
The death yak is poisoned.
The death yak completely misses you.
You hit the death yak but do no damage.
The death yak looks as sick as possible!
The death yak closely misses you.
You hit the death yak but do no damage.
The death yak looks as sick as possible!
The death yak is lightly wounded.
You hit the death yak but do no damage.
The death yak is lightly wounded.
The death yak gores you!
You hit the death yak but do no damage.
The death yak looks as sick as possible!
The death yak is lightly wounded.
The death yak closely misses you.
You hit the death yak but do no damage.
The death yak looks as sick as possible!
The death yak is lightly wounded.
The death yak gores you!
You hit the death yak but do no damage.
The death yak looks as sick as possible!
The death yak is lightly wounded.
The death yak misses you.
You hit the death yak.
The death yak looks as sick as possible!
The death yak is moderately wounded.
The death yak completely misses you.
You hit the death yak but do no damage.
The death yak looks as sick as possible!
The death yak is moderately wounded.
The death yak gores you!!
* * * LOW HITPOINT WARNING * * *
The death yak snorts and paws the ground.
You are too injured to fight recklessly!
You are too injured to fight recklessly!
You are too injured to fight recklessly!
Your transformation is almost over.
The death yak gores you!!
You die...
Your body crumbles into a pile of gold.

########### ##.......#####
#.#..#### #...## #Y### #Y#
#Y# #.# #######.# ##
#.sY.YY.##########.
#.####...#........# #########
#.###......#######.
#.......###..................
#.##.........###..###.######.
#.##.##.###.## #..# #.# #.
#.##.##.# #.# #..# #.# ####.
#.##.##.# #.####..###.# #....
#.......# #........##.###.###


You could see 3 death yaks.

Vanquished Creatures
  2 death yaks (D:8)
  Maurice (D:8)
  Menkaure (D:6)
  2 acid dragons (D:8)
  An orc warrior (D:6)
  4 sky beasts
  A necrophage (D:5)
  An ice beast (D:5)
  3 black bears
  2 ogres (D:5)
  3 centaurs
  4 bullfrogs
  A gnoll sergeant (D:8)
  2 scorpions (D:6)
  A water moccasin zombie (D:5)
  4 water moccasin skeletons
  4 centaur zombies
  4 hounds
  3 jellies
  2 gnoll shamans
  3 orc priests
  A bullfrog skeleton (D:7)
  2 centaur skeletons
  An iguana (D:5)
  An iron imp (D:6)
  A scorpion zombie (D:5)
  Natasha (thrice) (D:3)
  9 orc wizards
  A killer bee zombie (D:7)
  A hound zombie (D:5)
  A hound skeleton (D:4)
  15 mummies
  A howler monkey zombie (D:7)
  16 gnolls
  11 adders
  2 shadow imps (D:6)
  An ufetubus (D:4)
  A dart slug (D:4)
  30 orcs
  5 bats
  4 endoplasms
  7 giant cockroaches
  9 goblins
  5 hobgoblins
  18 jackals
  12 kobolds
  11 quokkas
  14 ball pythons
  8 frilled lizards
  3 gnoll skeletons (Ossuary)
  A goblin skeleton (Ossuary)
  A hobgoblin zombie (D:5)
  2 kobold skeletons (Ossuary)
  2 orc skeletons (Ossuary)
  An orc zombie (D:5)
  3 rats (D:2)
  11 rat skeletons (Ossuary)
  A butterfly (D:8)
265 creatures vanquished.

Vanquished Creatures (others)
  16 plants
16 creatures vanquished.

Grand Total: 281 creatures vanquished

Notes
Turn   | Place    | Note
-------+----------+-------------------------------------------
     0 | D:1      | Zeld the Octopode Transmuter began the quest for the Orb.
     0 | D:1      | Reached XP level 1. HP: 13/13 MP: 3/3
   319 | D:1      | Found a faded altar of an unknown god.
   347 | D:1      | Reached XP level 2. HP: 18/18 MP: 3/5
   350 | D:1      | Learned a level 2 spell: Wereblood
  1097 | D:2      | Reached XP level 3. HP: 21/24 MP: 4/6
  1203 | D:2      | Learned a level 3 spell: Spider Form
  1362 | D:2      | Reached skill level 1 in Poison Magic
  2056 | D:3      | Noticed Natasha
  2064 | D:3      | Killed Natasha
  2065 | D:3      | Reached XP level 4. HP: 17/29 MP: 3/7
  2083 | D:3      | Found a blossoming altar of Fedhas.
  2441 | D:3      | Found a glowing drain.
  2500 | Sewer    | Entered a sewer
  2675 | Sewer    | Reached XP level 5. HP: 34/34 MP: 8/8
  3662 | D:3      | Noticed Natasha
  3702 | D:3      | Killed Natasha
  3703 | D:3      | Reached skill level 5 in Poison Magic
  4675 | D:3      | Noticed Natasha
  4683 | D:3      | Killed Natasha
  4684 | D:3      | Reached XP level 6. HP: 12/39 MP: 2/9
  5045 | D:3      | Found a shadowy altar of Dithmenos.
  5565 | D:4      | Found a sacrificial altar of Ru.
  5596 | D:4      | Identified the +6 mace of the Lusting Gnat {vamp, Will++}
  5625 | D:4      | Noticed a black bear
  5639 | D:4      | Killed a black bear
  5640 | D:4      | Reached skill level 3 in Transmutations
  6068 | D:4      | Reached XP level 7. HP: 23/45 MP: 10/10
  6597 | D:4      | You fall into a shaft and drop 3 floors!
  6681 | D:5      | Entered Level 5 of the Dungeon
  7045 | D:5      | Found a sand-covered staircase.
  7058 | Ossuary  | Entered an ossuary
  7823 | Ossuary  | Reached skill level 4 in Transmutations
  9072 | Ossuary  | Learned a level 4 spell: Ice Form
  9393 | D:5      | Found a hide-covered altar of Uskayaw.
  9393 | D:5      | Noticed a +0 falchion
  9393 | D:5      | Noticed a +0 dagger
  9394 | D:5      | Noticed a +0 dagger
  9395 | D:5      | Noticed a +0 spear
  9396 | D:5      | Noticed a +0 falchion
  9396 | D:5      | Noticed a +0 spear
  9397 | D:5      | Noticed a +0 short sword
  9398 | D:5      | Noticed a +0 short sword
  9436 | D:5      | Found a bloodstained altar of Trog.
  9500 | D:4      | Found a glowing golden altar of the Shining One.
  9584 | D:4      | Reached skill level 1 in Ice Magic
  9943 | D:5      | Reached XP level 8. HP: 49/54 MP: 9/12
 10225 | D:5      | Found a staircase to the Ecumenical Temple.
 10541 | D:5      | Reached skill level 5 in Ice Magic
 10785 | D:6      | Found an opulent altar of Gozag.
 10792 | D:6      | Became a worshipper of Gozag Ym Sagoz the Greedy
 11502 | D:6      | Reached XP level 9. HP: 28/59 MP: 11/14
 11676 | D:6      | Found a snail-covered altar of Cheibriados.
 11690 | D:6      | Reached skill level 5 in Transmutations
 11972 | D:6      | Reached skill level 5 in Fighting
 12225 | D:6      | Noticed Menkaure
 12239 | D:6      | Killed Menkaure
 12492 | D:6      | Found a hazy altar of Hepliaklqana.
 13274 | D:6      | Found Linnis's Weapon Emporium.
 13666 | Temple   | Entered the Ecumenical Temple
 14469 | D:6      | Reached skill level 6 in Transmutations
 14702 | D:7      | Learned a level 5 spell: Hydra Form
 15744 | D:7      | Found Buablij's Jewellery Shoppe.
 16150 | D:8      | Reached XP level 10. HP: 68/69 MP: 16/16
 16415 | D:8      | Reached skill level 5 in Dodging
 16696 | D:8      | Reached skill level 7 in Transmutations
 16765 | D:8      | Noticed Maurice
 16783 | D:8      | Killed Maurice
 16789 | D:8      | Bought a scroll of identify for 24 gold pieces
 16789 | D:8      | Bought a ring of flight for 210 gold pieces
 17026 | D:8      | Noticed a death yak
 17033 | D:8      | Noticed a death yak
 17112 | D:8      | Killed a death yak
 17113 | D:8      | Reached skill level 5 in Spellcasting
 18322 | D:8      | Noticed a death yak
 18322 | D:8      | Noticed a death yak
 18332 | D:8      | Noticed a death yak
 18334 | D:8      | Noticed a death yak
 18362 | D:8      | Killed a death yak
 18363 | D:8      | Reached skill level 8 in Transmutations
 18376 | D:8      | Found a staircase to the Lair.
 18999 | D:8      | Found a shimmering altar of Xom.
 19106 | D:8      | Found Ysutasesa's Weapon Boutique.
 19196 | D:8      | Slain by a death yak

Illustrated notes

Levels and vault maps discovered:
D:1:      minmay_arrival_checkered_box, layout_loops_cross,
          ebering_ecumenical_altar_mist
D:2:      layout_basic, minmay_misc_feat_enclosed
D:3:      kb_forest_paths, layout_basic, fedhas_ov_isle_minmay,
          marbit_many_paths, gup_sewer_entry_bubbles, uniq_natasha
D:4:      minmay_chambers_of_threes, layout_cave_pools, general_overflow_altar,
          nicolae_ru_path_of_blood
D:5:      layout_loops_ring, bloody_trog, nicolae_uskayaw_en_pointe,
          minmay_temple_entry_from_below_a, nicolae_ossuary_entry_giza,
          kennysheep_generic_room_16
D:6:      layout_layer_cave, grunt_gozag_statues,
          nicolae_hepliaklqana_hazy_memory, slow_altar_1, serial_shops, shop,
          uniq_menkaure
D:7:      layout_basic, serial_shops, shop
D:8:      layout_loops_corners, xom_butterflies, dpeg_lair_monsters,
          serial_shops, shop, minmay_misc_feat_alley, grunt_ministairs_1,
          uniq_maurice
Temple:   dpeg_chambers_temple

Skill      XL: |  1  2  3  4  5  6  7  8  9 10 |
---------------+-------------------------------+-----
Poison Magic   | 3 5 6 |  6.0
Fighting       | 2 3 4 6 7 |  7.8
Transmutations | 3 4 6 8 |  8.0
Dodging        | 3 4 5 |  5.7
Spellcasting   | 3 4 5 |  5.3
Ice Magic      | 2 6 |  6.0
Unarmed Combat | |  3.0

Action                   |  1- 3 |  4- 6 |  7- 9 | 10-12 || total
-------------------------+-------+-------+-------+-------++-------
Melee: Unarmed           |    65 |   188 |   590 |   147 ||   990
       Constrict         |    16 |    56 |    51 |       ||   123
       Tentacles         |     6 |    24 |    41 |       ||    71
       Kick              |    11 |    34 |    52 |       ||    97
       Punch             |     2 |     5 |     4 |       ||    11
 Cast: Beastly Appendage |    24 |    36 |    31 |     1 ||    92
       Spider Form       |     1 |     3 |    38 |    14 ||    56
       Wereblood         |       |       |     3 |       ||     3
       Ice Form          |       |       |     2 |       ||     2
Invok: Call Merchant     |       |       |       |     1 ||     1
Evoke: Wand              |       |       |       |     3 ||     3
  Use: Potion            |       |     3 |     1 |     3 ||     7
       Scroll            |       |       |    13 |     1 ||    14
 Stab: Sleeping          |     3 |    13 |     7 |       ||    23
       Distracted        |       |       |     1 |       ||     1
Armor: Skin              |     6 |    11 |    17 |     3 ||    37
Dodge: Dodged            |    51 |   176 |   684 |   183 ||  1094

Table legend: (Time is in decaauts)
 A = Elapsed time spent in this place.
 B = Non-inter-level travel time spent in this place.
 C = Inter-level travel time spent in this place.
 D = Time resting spent in this place.
 E = Time spent auto-exploring this place.
 F = Levels seen in this place.
 G = Mean time per level.
                   A        B        C        D        E       F      G
               +--------+--------+--------+--------+--------+-----+--------+
         Total |  19146 |  18751 |    395 |   4700 |  11325 |  11 | 1740.5 |
       Dungeon |  15540 |  15147 |    393 |   3189 |   9686 |   8 | 1942.5 |
        Temple |    220 |    218 |      2 |      0 |    217 |   1 |  220.0 |
         Sewer |   1098 |   1098 |      0 |    383 |    467 |   1 | 1098.0 |
       Ossuary |   2286 |   2286 |      0 |   1128 |    955 |   1 | 2286.0 |
               +--------+--------+--------+--------+--------+-----+--------+

Top non-repeatable levels by time:
     D:6: 3189 daAuts
     D:8: 2623 daAuts
 Ossuary: 2286 daAuts
     D:7: 2043 daAuts
     D:3: 1956 daAuts
     D:4: 1939 daAuts
     D:5: 1745 daAuts
     D:2: 1150 daAuts
   Sewer: 1098 daAuts
     D:1: 890 daAuts
  Temple: 220 daAuts
